TOP OF THE 1ST |
San Francisco (APP) Giants batting - Pitching for Chicago (APP) Cubs : RHP Jake Newman
|
Pitching: RHP Jake Newman
|
|
Batting: RHB Ryan Bentz
|
0-0: Bunt missed! 0-1: Foul Ball, location: 2F 0-2: Foul Ball, location: 2F 0-2: Foul Ball, location: 2F 0-2: Ball 1-2: Ball 2-2: Ball 3-2: Base on Balls
|
Batting: RHB Frank Pena
|
0-0: Swinging Strike 0-1: Ball Ryan Bentz is caught stealing 2nd base 2-4 1-1: Foul Ball, location: 2F 1-2: Fly out, F8 (Flyball, 8RD, EV 97.5 MPH)
|
Batting: RHB Teruhide Horiuchi
|
0-0: Fly out, F4 (Line Drive, 4, EV 63.1 MPH)
|
Top of the 1st over - 0 runs, 0 hits, 0 errors, 0 left on base; San Francisco (APP) 0 - Chicago (APP) 0 |
BOTTOM OF THE 1ST |
Chicago (APP) Cubs batting - Pitching for San Francisco (APP) Giants : RHP Ryan Hoagland
|
Pitching: RHP Ryan Hoagland
|
|
Batting: RHB Andy Huntley
|
0-0: Ground out 3-1 (Groundball, 34S, EV 62.5 MPH)
|
Batting: RHB Leonardo Nava
|
0-0: Ball 1-0: Called Strike 1-1: Ball 2-1: SINGLE (Groundball, 56D, EV 106.3 MPH)
|
Batting: RHB Tak-keung Chieu
|
0-0: Ball 1-0: Ball Leonardo Nava steals 2nd base 2-0: Ball 3-0: Base on Balls
|
Batting: RHB Sam Sours
|
0-0: Called Strike Leonardo Nava steals 3rd base 0-1: Fly out, F8 (Flyball, 8LXD, EV 103.1 MPH) Runner from 3rd tags up, SCORES, no throw by CF
|
Batting: SHB Gabriel Cruz
|
0-0: Called Strike 0-1: Called Strike 0-2: Fly out, F7 (Flyball, 7, EV 90.0 MPH)
|
Bottom of the 1st over - 1 run, 1 hit, 0 errors, 1 left on base; San Francisco (APP) 0 - Chicago (APP) 1 |
TOP OF THE 2ND |
San Francisco (APP) Giants batting - Pitching for Chicago (APP) Cubs : RHP Jake Newman
|
Batting: RHB Bill Defazio
|
0-0: Ball 1-0: Swinging Strike 1-1: Foul Ball, location: 2F 1-2: Foul Ball, location: 2F 1-2: Strikes out looking
|
Batting: RHB Pedro Quezada
|
0-0: Called Strike 0-1: Ball 1-1: Swinging Strike 1-2: Ball 2-2: Ball 3-2: Fly out, F8 (Line Drive, 8RD, EV 100.0 MPH)
|
Batting: RHB John Tyra
|
0-0: Called Strike 0-1: Called Strike 0-2: Foul Ball, location: 2F 0-2: Strikes out swinging
|
Top of the 2nd over - 0 runs, 0 hits, 0 errors, 0 left on base; San Francisco (APP) 0 - Chicago (APP) 1 |
BOTTOM OF THE 2ND |
Chicago (APP) Cubs batting - Pitching for San Francisco (APP) Giants : RHP Ryan Hoagland
|
Batting: RHB Ryan Bush
|
0-0: Foul Ball, location: 2F 0-1: Ball 1-1: Ball 2-1: Swinging Strike 2-2: Ball 3-2: Foul Ball, location: 2F 3-2: Foul Ball, location: 2F 3-2: Fly out, F6 (Popup, P, EV 83.1 MPH)
|
Batting: RHB Jake Mitchell
|
0-0: Called Strike 0-1: Ball 1-1: Foul Ball, location: 2F 1-2: Fly out, F7 (Flyball, 7, EV 95.0 MPH)
|
Batting: LHB Mark Ingram
|
0-0: Ball 1-0: Ball 2-0: Ball 3-0: Foul Ball, location: 2F 3-1: Swinging Strike 3-2: Base on Balls
|
Batting: RHB Jerry Blas
|
0-0: Called Strike 0-1: Ball Wild Pitch! Mark Ingram to second 1-1: Ball 2-1: DOUBLE (Line Drive, 7LM, EV 106.3 MPH) Mark Ingram scores
|
Batting: RHB Andy Huntley
|
0-0: Fly out, F9 (Flyball, 9LM, EV 78.8 MPH)
|
Bottom of the 2nd over - 1 run, 1 hit, 0 errors, 1 left on base; San Francisco (APP) 0 - Chicago (APP) 2 |
TOP OF THE 3RD |
San Francisco (APP) Giants batting - Pitching for Chicago (APP) Cubs : RHP Jake Newman
|
Batting: RHB Ed Broomhead
|
0-0: Called Strike 0-1: Foul Ball, location: 2F 0-2: Foul Ball, location: 2F 0-2: Strikes out swinging
|
Batting: RHB David Andrews
|
0-0: Ball 1-0: SINGLE (Line Drive, 56, EV 106.9 MPH)
|
Batting: RHB Alexis Andrade
|
0-0: Ball 1-0: Fly out, F9 (Flyball, 9D, EV 101.3 MPH)
|
Batting: RHB Ryan Bentz
|
0-0: Called Strike 0-1: Called Strike 0-2: Ball 1-2: Fly out, F7 (Flyball, 7, EV 75.6 MPH)
|
Top of the 3rd over - 0 runs, 1 hit, 0 errors, 1 left on base; San Francisco (APP) 0 - Chicago (APP) 2 |
BOTTOM OF THE 3RD |
Chicago (APP) Cubs batting - Pitching for San Francisco (APP) Giants : RHP Ryan Hoagland
|
Batting: RHB Leonardo Nava
|
0-0: Called Strike 0-1: Ball 1-1: Ball 2-1: Ball 3-1: Base on Balls
|
Batting: RHB Tak-keung Chieu
|
0-0: Ball 1-0: Ball Leonardo Nava steals 2nd base 2-0: Ball 3-0: Called Strike 3-1: Base on Balls
|
Batting: RHB Sam Sours
|
0-0: Called Strike 0-1: Ball 1-1: Ball 2-1: Ball 3-1: Base on Balls Leonardo Nava to third Tak-keung Chieu to second
|
Batting: SHB Gabriel Cruz
|
0-0: Called Strike 0-1: Ball 1-1: Foul Ball, location: 2F 1-2: Strikes out swinging
|
Batting: RHB Ryan Bush
|
0-0: Ball 1-0: Ball Wild Pitch! Leonardo Nava scores Tak-keung Chieu to third Sam Sours to second 2-0: Called Strike 2-1: Ball 3-1: Ground out 4-3 (Groundball, 4, EV 86.9 MPH) Tak-keung Chieu scores Sam Sours to third
|
Batting: RHB Jake Mitchell
|
0-0: Ball 1-0: Ball 2-0: Foul Ball, location: 2F 2-1: Called Strike 2-2: SINGLE (Flyball, 34D, EV 90.6 MPH) Sam Sours scores
|
Batting: LHB Mark Ingram
|
0-0: Ball 1-0: Ball 2-0: Called Strike 2-1: Ground out U3 (Groundball, 3, EV 90.6 MPH)
|
Bottom of the 3rd over - 3 runs, 1 hit, 0 errors, 1 left on base; San Francisco (APP) 0 - Chicago (APP) 5 |
TOP OF THE 4TH |
San Francisco (APP) Giants batting - Pitching for Chicago (APP) Cubs : RHP Jake Newman
|
Batting: RHB Frank Pena
|
0-0: Ball 1-0: Ball 2-0: SINGLE (Groundball, 6MD, EV 104.4 MPH)
|
Batting: RHB Teruhide Horiuchi
|
0-0: Called Strike 0-1: Ball 1-1: Ball 2-1: Called Strike 2-2: Foul Ball, location: 2F 2-2: Foul Ball, location: 2F 2-2: Foul Ball, location: 2F 2-2: Strikes out looking
|
Batting: RHB Bill Defazio
|
0-0: Ball 1-0: Ball 2-0: Called Strike 2-1: Foul Ball, location: 2F 2-2: Ball 3-2: Strikes out swinging
|
Batting: RHB Pedro Quezada
|
0-0: Ball 1-0: Called Strike 1-1: Foul Ball, location: 2F 1-2: Foul Ball, location: 2F 1-2: Strikes out swinging
|
Top of the 4th over - 0 runs, 1 hit, 0 errors, 1 left on base; San Francisco (APP) 0 - Chicago (APP) 5 |
BOTTOM OF THE 4TH |
Chicago (APP) Cubs batting - Pitching for San Francisco (APP) Giants : RHP Ryan Hoagland
|
Batting: RHB Jerry Blas
|
0-0: Called Strike 0-1: Ball 1-1: Fly out, F8 (Flyball, 8RD, EV 101.9 MPH)
|
Batting: RHB Andy Huntley
|
0-0: Foul Ball, location: 2F 0-1: Ball 1-1: Called Strike 1-2: Foul Ball, location: 2F 1-2: Strikes out swinging
|
Batting: RHB Leonardo Nava
|
0-0: Ball 1-0: Called Strike 1-1: SINGLE (Groundball, 56D, EV 100.6 MPH)
|
Batting: RHB Tak-keung Chieu
|
0-0: Ball 1-0: Called Strike Leonardo Nava is caught stealing 2nd base 2-4
|
Bottom of the 4th over - 0 runs, 1 hit, 0 errors, 0 left on base; San Francisco (APP) 0 - Chicago (APP) 5 |
TOP OF THE 5TH |
San Francisco (APP) Giants batting - Pitching for Chicago (APP) Cubs : RHP Jake Newman
|
Batting: RHB John Tyra
|
0-0: Ball 1-0: Ball 2-0: Called Strike 2-1: Foul Ball, location: 2F 2-2: Strikes out looking
|
Batting: RHB Ed Broomhead
|
0-0: Ball 1-0: Ball 2-0: Called Strike 2-1: Foul Ball, location: 2F 2-2: Strikes out looking
|
Batting: RHB David Andrews
|
0-0: Ball 1-0: Fly out, F9 (Flyball, 89D, EV 100.0 MPH)
|
Top of the 5th over - 0 runs, 0 hits, 0 errors, 0 left on base; San Francisco (APP) 0 - Chicago (APP) 5 |
BOTTOM OF THE 5TH |
Chicago (APP) Cubs batting - Pitching for San Francisco (APP) Giants : RHP Ryan Hoagland
|
Batting: RHB Tak-keung Chieu
|
0-0: Ball 1-0: Ball 2-0: Foul Ball, location: 2F 2-1: Foul Ball, location: 2F 2-2: Hit by Pitch
|
Batting: RHB Sam Sours
|
0-0: Called Strike 0-1: Ball 1-1: 2-RUN HOME RUN (Flyball, 7D, EV 96.3 MPH), Distance : 384 ft
|
Batting: SHB Gabriel Cruz
|
0-0: Ball 1-0: Ball 2-0: Ball 3-0: Called Strike 3-1: SINGLE (Line Drive, 8LS, EV 104.4 MPH)
|
Batting: RHB Ryan Bush
|
0-0: Ball 1-0: Called Strike 1-1: Ball 2-1: DOUBLE (Flyball, 8LXD, EV 106.3 MPH) Gabriel Cruz to third Runner from 3rd tries for Home, SAFE, throw by CF to home
|
Pitching: RHP Nick McDade
|
|
Pinch Runner at 2nd Randy Schmitt:
|
|
Batting: RHB Jake Mitchell
|
0-0: Ball 1-0: Foul Ball, location: 2F 1-1: Foul Ball, location: 2F 1-2: Foul Ball, location: 2F 1-2: Ball 2-2: Strikes out looking
|
Batting: LHB Mark Ingram
|
0-0: Ball Passed Ball! Randy Schmitt to third 1-0: Ball 2-0: Ball 3-0: Base on Balls
|
Batting: RHB Jerry Blas
|
0-0: Ball 1-0: DOUBLE (Line Drive, 89D, EV 105.0 MPH) Randy Schmitt scores Mark Ingram to third
|
Batting: RHB Andy Huntley
|
0-0: Ball 1-0: Ball 2-0: Ball 3-0: Foul Ball, location: 2F 3-1: Base on Balls
|
Batting: RHB Leonardo Nava
|
0-0: Called Strike 0-1: Ball 1-1: Ball 2-1: Ball 3-1: Base on Balls Mark Ingram scores Jerry Blas to third Andy Huntley to second
|
Pitching: LHP Jack Klein
|
|
Batting: RHB Tak-keung Chieu
|
0-0: Ball 1-0: Ball 2-0: Called Strike 2-1: Ball 3-1: Base on Balls Jerry Blas scores Andy Huntley to third Leonardo Nava to second
|
Batting: RHB Sam Sours
|
0-0: Foul Ball, location: 2F 0-1: Ball 1-1: Ball Passed Ball! Andy Huntley scores Leonardo Nava to third Tak-keung Chieu to second 2-1: Ball 3-1: Called Strike 3-2: Base on Balls
|
Batting: SHB Gabriel Cruz
|
0-0: Ball 1-0: Ball 2-0: Ball 3-0: Base on Balls Leonardo Nava scores Tak-keung Chieu to third Sam Sours to second
|
Batting: RHB Randy Schmitt
|
0-0: Called Strike 0-1: Ball 1-1: Ball 2-1: Ball 3-1: Base on Balls Tak-keung Chieu scores Sam Sours to third Gabriel Cruz to second
|
Pitching: LHP Gil Longoria
|
|
Batting: RHB Jake Mitchell
|
0-0: Swinging Strike 0-1: Swinging Strike 0-2: Strikes out swinging
|
Batting: LHB Mark Ingram
|
0-0: Called Strike 0-1: Swinging Strike 0-2: Ball 1-2: Ball 2-2: Foul Ball, location: 2F 2-2: Foul Ball, location: 2F 2-2: Strikes out swinging
|
Bottom of the 5th over - 9 runs, 4 hits, 0 errors, 3 left on base; San Francisco (APP) 0 - Chicago (APP) 14 |
TOP OF THE 6TH |
San Francisco (APP) Giants batting - Pitching for Chicago (APP) Cubs : RHP Jake Newman
|
Now at 2B: Randy Schmitt
|
|
Now at 3B: Leonardo Nava
|
|
Now at SS: Gabriel Cruz
|
|
Batting: RHB Alexis Andrade
|
0-0: DOUBLE (Line Drive, 9LS, EV 103.1 MPH)
|
Batting: RHB Ryan Bentz
|
0-0: Called Strike 0-1: Foul Ball, location: 2F 0-2: SINGLE (Flyball, 5D, EV 94.4 MPH) Alexis Andrade to third
|
Batting: RHB Frank Pena
|
0-0: Called Strike Ryan Bentz is caught stealing 2nd base 2-4 0-1: Called Strike 0-2: Ball 1-2: Foul Ball, location: 2F 1-2: Ball 2-2: Strikes out swinging
|
Batting: RHB Teruhide Horiuchi
|
0-0: Called Strike 0-1: Ground out 2-3 (Groundball, 2R, EV 69.4 MPH)
|
Top of the 6th over - 0 runs, 2 hits, 0 errors, 1 left on base; San Francisco (APP) 0 - Chicago (APP) 14 |
BOTTOM OF THE 6TH |
Chicago (APP) Cubs batting - Pitching for San Francisco (APP) Giants : LHP Gil Longoria
|
Batting: RHB Jerry Blas
|
0-0: Ball 1-0: SINGLE (Line Drive, 6D, EV 97.5 MPH)
|
Batting: RHB Andy Huntley
|
0-0: Called Strike 0-1: Called Strike 0-2: Grounds into double play, 6-4-3 (Groundball, 6, EV 103.8 MPH)
|
Batting: RHB Leonardo Nava
|
0-0: Called Strike 0-1: Fly out, F7 (Line Drive, 7, EV 97.5 MPH)
|
Bottom of the 6th over - 0 runs, 1 hit, 0 errors, 0 left on base; San Francisco (APP) 0 - Chicago (APP) 14 |
TOP OF THE 7TH |
San Francisco (APP) Giants batting - Pitching for Chicago (APP) Cubs : RHP Jake Newman
|
Batting: RHB Bill Defazio
|
0-0: Ball 1-0: Fly out, F5 (Popup, 56, EV 62.5 MPH)
|
Batting: RHB Pedro Quezada
|
0-0: Foul Ball, location: 2F 0-1: Called Strike 0-2: Hit by Pitch
|
Batting: RHB John Tyra
|
0-0: Called Strike 0-1: Ball 1-1: Ball 2-1: Ball 3-1: Foul Ball, location: 2F 3-2: Strikes out swinging Pedro Quezada steals 2nd base (no throw) Batter strikes out.
|
Batting: RHB Ed Broomhead
|
0-0: Ball 1-0: Foul Ball, location: 2F 1-1: Ball 2-1: Fly out, F9 (Flyball, 9, EV 90.6 MPH)
|
Top of the 7th over - 0 runs, 0 hits, 0 errors, 1 left on base; San Francisco (APP) 0 - Chicago (APP) 14 |
BOTTOM OF THE 7TH |
Chicago (APP) Cubs batting - Pitching for San Francisco (APP) Giants : LHP Gil Longoria
|
Batting: RHB Tak-keung Chieu
|
0-0: Swinging Strike 0-1: Ball 1-1: Fly out, F9 (Flyball, 9, EV 85.6 MPH)
|
Pitching: RHP Filip Nebylitsin
|
|
Batting: RHB Sam Sours
|
0-0: Called Strike 0-1: Foul Ball, location: 2F 0-2: Ball 1-2: Foul Ball, location: 2F 1-2: Strikes out looking
|
Batting: SHB Gabriel Cruz
|
0-0: Ball 1-0: Ball 2-0: Ball 3-0: Called Strike 3-1: Base on Balls
|
Batting: RHB Randy Schmitt
|
0-0: Ball 1-0: Foul Ball, location: 2F 1-1: Ball 2-1: Foul Ball, location: 2F 2-2: Foul Ball, location: 2F 2-2: Fly out, F8 (Flyball, 8LS, EV 89.4 MPH)
|
Bottom of the 7th over - 0 runs, 0 hits, 0 errors, 1 left on base; San Francisco (APP) 0 - Chicago (APP) 14 |
TOP OF THE 8TH |
San Francisco (APP) Giants batting - Pitching for Chicago (APP) Cubs : RHP Jake Newman
|
Batting: RHB David Andrews
|
0-0: Called Strike 0-1: Ball 1-1: Ground out 5-3 (Groundball, 56, EV 88.1 MPH)
|
Pitching: RHP Dwight Bean
|
|
Batting: RHB Alexis Andrade
|
0-0: Called Strike 0-1: Ball 1-1: Foul Ball, location: 2F 1-2: Ground out 4-3 (Groundball, 34, EV 110.0 MPH)
|
Batting: RHB Ryan Bentz
|
0-0: Ball 1-0: Called Strike 1-1: Called Strike 1-2: Strikes out swinging
|
Top of the 8th over - 0 runs, 0 hits, 0 errors, 0 left on base; San Francisco (APP) 0 - Chicago (APP) 14 |
BOTTOM OF THE 8TH |
Chicago (APP) Cubs batting - Pitching for San Francisco (APP) Giants : RHP Filip Nebylitsin
|
Pinch Hitting: RHB Han-seung Hah
|
0-0: Called Strike 0-1: SINGLE (Groundball, 4MD, EV 110.6 MPH) (infield hit)
|
Pitching: RHP Sanya Mikushevich
|
|
Batting: LHB Mark Ingram
|
0-0: Called Strike 0-1: Swinging Strike 0-2: Strikes out looking
|
Batting: RHB Jerry Blas
|
0-0: Called Strike 0-1: Called Strike 0-2: Ball Wild Pitch! Han-seung Hah to second 1-2: Strikes out looking
|
Batting: RHB Andy Huntley
|
0-0: Ball 1-0: Ground out U3 (Groundball, 3L, EV 88.1 MPH)
|
Bottom of the 8th over - 0 runs, 1 hit, 0 errors, 1 left on base; San Francisco (APP) 0 - Chicago (APP) 14 |
TOP OF THE 9TH |
San Francisco (APP) Giants batting - Pitching for Chicago (APP) Cubs : RHP Dwight Bean
|
Now in RF: Han-seung Hah
|
|
Batting: RHB Frank Pena
|
0-0: Swinging Strike 0-1: DOUBLE (Flyball, 8RXD, EV 113.1 MPH)
|
Batting: RHB Teruhide Horiuchi
|
0-0: Ball 1-0: Ground out 4-3 (Groundball, 4, EV 92.5 MPH) Frank Pena to third
|
Batting: RHB Bill Defazio
|
0-0: Ball 1-0: SINGLE (Line Drive, 9S, EV 87.5 MPH) Frank Pena scores
|
Batting: RHB Pedro Quezada
|
0-0: Grounds into double play, 5-4-3 (Groundball, 56, EV 81.9 MPH)
|
Top of the 9th over - 1 run, 2 hits, 0 errors, 0 left on base; San Francisco (APP) 1 - Chicago (APP) 14 |
|